 Dungeon Crawl Stone Soup version 0.30-a0-860-g512cf1e979 (webtiles) character file.

Game seed: 11286352208196102883

25 MacCMillion the Chopper (level 3, 31/31 HPs)
             Began as a Hill Orc Cinder Acolyte on Mar 8, 2023.
             Was a High Priest of Ignis.
             Quit the game on level 1 of the Dungeon.
             The game lasted 00:01:39 (816 turns).

MacCMillion the Chopper (Hill Orc Cinder Acolyte)    Turns: 816, Time: 00:01:40

Health: 31/31      AC:  8    Str: 18    XL:     3   Next: 4%
Magic:  4/4        EV:  6    Int: 14    God:    Ignis [*****.]
Gold:   63         SH:  0    Dex:  6    Spells: 4/4 levels left

rFire   + . .      SeeInvis .    a - -1 hand axe (flame)
rCold   . . .      Faith    .    (no shield)
rNeg    . . .      Spirit   .    j - +0 chain mail
rPois   .          Reflect  .    (no helmet)
rElec   .          Rampage  .    (no cloak)
rCorr   .                        (no gloves)
Will    .....                    (no boots) Stlth
                                 (no amulet)
HPRegen 0.25/turn                (no ring)
MPRegen 0.09/turn                (no ring)

@: no status effects
A: no striking features
a: Renounce Religion, Fiery Armour, Foxfire Swarm, Rising Flame


You were on level 1 of the Dungeon.
You worshipped Ignis.
Ignis was extremely pleased with you.
You visited 1 branch of the dungeon, and saw 1 of its levels.

You collected 63 gold pieces.

Inventory:

Hand Weapons
 a - a -1 hand axe of flaming (weapon)
Armour
 b - a +0 robe
 j - a +0 chain mail (worn)
Scrolls
 c - 5 scrolls of identify {unknown}
 d - a scroll of teleportation {unknown}
 f - 2 scrolls of enchant armour {unknown}
 g - a scroll of immolation {unknown}
 i - a scroll of magic mapping {unknown}
Potions
 e - 3 potions of curing {unknown}
 h - a potion of ambrosia {unknown}


   Skills:
 - Level 3.6 Fighting
 + Level 5.5 Axes
 - Level 1.0 Spellcasting
 - Level 3.2 Fire Magic


You had 4 spell levels left.
You didn't know any spells.
Your spell library contained the following spells:

 Spells                   Type           Power      Damage    Failure   Level
 Scorch                   Fire           18%        2d5       86%         2


Dungeon Overview and Level Annotations

Branches:
Dungeon (1/15)

Altars:


Message History

A quokka is nearby!
You barely miss the quokka. The quokka bites you.
You hit the quokka. You burn the quokka.
You kill the quokka!
You have reached level 3!
Your experience leads to an increase in your attributes!
Increase (S)trength, (I)ntelligence, or (D)exterity?
You feel stronger. x2
h - a red potion
Found a mace.
Found a chain mail.
You see here a +0 mace.
You see here a +0 chain mail.
You now have 63 gold pieces (gained 13).
Found 6 stones.
i - a scroll labelled ALOLLU SIPT You see here 6 stones.
You see here a +0 chain mail.
j - a +0 chain mail You start removing your armour.
You continue taking off your +0 robe. x4
You finish taking off your +0 robe.
You start putting on your armour.
You continue putting on your +0 chain mail. x5
You finish putting on your +0 chain mail.
A frilled lizard comes into view.
The frilled lizard hisses angrily.
A frilled lizard is nearby!
A frilled lizard is nearby!
The frilled lizard bites you but does no damage.
You hit the frilled lizard. You burn the frilled lizard.
You kill the frilled lizard!
No target in view!
You see here a frilled lizard corpse.
Items here: ( ))) ÷÷÷.
Done exploring.
Done exploring.
Done exploring.
Done exploring.
Done exploring.
Are you sure you want to abandon this character and quit the game? (Confirm with "yes".)

##...# ...#.# ##...#
##.####################
#..................†.#
####################.#
########## #.#
#########........# ##.##
..........######@####...########
.....###### #.......#........#
####.##########..####...######.#
# #.............## ##.## #.# #
############...####.## #.# #
#.........######.## #
###.................# #
##.####.#....######..# #
#.......#.#.## #..#


There were no monsters in sight!

Vanquished Creatures
  2 endoplasms (D:1)
  4 hobgoblins (D:1)
  4 kobolds (D:1)
  3 quokkas (D:1)
  3 ball pythons (D:1)
  2 bats (D:1)
  2 frilled lizards (D:1)
  A rat (D:1)
21 creatures vanquished.

Notes
Turn   | Place    | Note
-------+----------+-------------------------------------------
     0 | D:1      | MacCMillion the Hill Orc Cinder Acolyte began the quest for
                  | the Orb.
     0 | D:1      | Reached XP level 1. HP: 19/19 MP: 2/2
    87 | D:1      | Found a faded altar of an unknown god.
   234 | D:1      | Reached XP level 2. HP: 12/26 MP: 3/3
   368 | D:1      | Reached skill level 5 in Axes
   628 | D:1      | Reached XP level 3. HP: 27/31 MP: 4/4
   816 | D:1      | Quit the game

Illustrated notes

Levels and vault maps discovered:
D:1:      saegor_arrival_simple_d, layout_loops_ring, basic_ecumenical_altar,
          st_stairs_4

Skill      XL: |  1  2 |
---------------+-------+-----
Axes           | 5 |  5.5
Fighting       | |  3.6
Spellcasting   | |  1.0
Fire Magic     | |  3.2

Action                     || total
---------------------------++-------
  Melee: Hand axe          ||    44
 Armour: Robe              ||     7
         Chain mail        ||     1
  Dodge: Dodged            ||    13

Table legend: (Time is in decaauts)
 A = Elapsed time spent in this place.
 B = Non-inter-level travel time spent in this place.
 C = Inter-level travel time spent in this place.
 D = Time resting spent in this place.
 E = Time spent auto-exploring this place.
 F = Levels seen in this place.
 G = Mean time per level.
                   A        B        C        D        E       F      G
               +--------+--------+--------+--------+--------+-----+--------+
         Total |    819 |    819 |      0 |    117 |    545 |   1 |  819.0 |
       Dungeon |    819 |    819 |      0 |    117 |    545 |   1 |  819.0 |
               +--------+--------+--------+--------+--------+-----+--------+

Top non-repeatable levels by time:
     D:1: 819 daAuts
